 Dungeon Crawl Stone Soup version 0.28-a0-766-g0164abf (webtiles) character file.

Game seed: 9730295202259555156

20 NeededCrab the Grasshopper (level 2, -9/26 HPs)
             Began as a Gnoll Warper on Oct 30, 2021.
             Mangled by an iguana (12 damage)
             ... on level 2 of the Dungeon.
             The game lasted 00:02:44 (975 turns).

NeededCrab the Grasshopper (Gnoll Warper)            Turns: 975, Time: 00:02:45

Health: -9/26      AC:  6    Str: 10    XL:     2   Next: 79%
Magic:  7/7        EV: 12    Int: 12    God:
Gold:   53         SH:  0    Dex: 11    Spells: 8/10 levels left

rFire   . . .      SeeInvis .   a - +0 mace
rCold   . . .      Faith    .   (no shield)
rNeg    . . .      Spirit   .   b - +0 leather armour
rPois   .          Reflect  .   (no helmet)
rElec   .          Harm     .   (no cloak)
rCorr   .          Rampage  .   (no gloves)
Will    .....                   g - +2 pair of boots
Stlth   +.........              l - amulet of magic regeneration
HPRegen 0.08/turn               (no ring)
MPRegen 0.35/turn               (no ring)

@: no status effects
A: fangs 1, strong nose, distributed training
a: no special abilities


You were on level 2 of the Dungeon.
You visited 1 branch of the dungeon, and saw 2 of its levels.

You collected 53 gold pieces.

Inventory:

Hand Weapons
 a - a +0 mace (weapon)
Missiles
 d - 5 boomerangs of dispersal (quivered)
Armour
 b - a +0 leather armour (worn)
 g - a +2 pair of boots (worn)
Jewellery
 l - an amulet of magic regeneration (around neck)
Scrolls
 c - a scroll of blinking
 e - a scroll of identify {unknown}
 f - 2 scrolls of fear {unknown}
 i - a scroll of magic mapping {unknown}
 k - 2 scrolls of teleportation {unknown}
Potions
 h - a potion of degeneration {unknown}
 j - a potion of heal wounds {unknown}


   Skills:
 + Level 4.5 Fighting
 + Level 0.5 Short Blades
 + Level 0.5 Long Blades
 + Level 0.5 Axes
 + Level 4.5 Maces & Flails
 + Level 0.5 Polearms
 + Level 0.5 Staves
 + Level 0.5 Slings
 + Level 0.5 Bows
 + Level 0.5 Crossbows
 + Level 2.5 Throwing
 + Level 2.5 Armour
 + Level 4.5 Dodging
 + Level 0.5 Stealth
 + Level 0.5 Shields
 + Level 0.5 Unarmed Combat
 + Level 4.9 Spellcasting
 + Level 0.3 Conjurations
 + Level 0.3 Hexes
 + Level 0.3 Summonings
 + Level 0.3 Necromancy
 + Level 5.3 Translocations
 + Level 0.3 Transmutations
 + Level 0.3 Fire Magic
 + Level 0.3 Ice Magic
 + Level 0.3 Air Magic
 + Level 0.3 Earth Magic
 + Level 0.3 Poison Magic
 + Level 0.6 Invocations
 + Level 0.5 Evocations


You had 8 spell levels left.
You knew the following spells:

 Your Spells              Type           Power      Damage    Failure   Level
B - Blink                 Tloc           30%        N/A       4%          2

Your spell library contained the following spells:

 Spells                   Type           Power      Damage    Failure   Level
 Gell's Gravitas          Tloc           7%         N/A       9%          3
 Lesser Beckoning         Tloc           15%        N/A       9%          3
 Teleport Other           Tloc           15%        N/A       9%          3
 Shock                    Conj/Air       12%        1d3       22%         1
 Manifold Assault         Tloc           15%        N/A       63%         5


Dungeon Overview and Level Annotations

Branches:
Dungeon (2/15)

Altars:


Innate Abilities, Weirdness & Mutations

You have very sharp teeth.
Your uncanny sense of smell can sniff out nearby items.
Your experience applies equally to all skills.


Message History

You see here a +0 falchion.
There is an escape hatch in the floor here.
There is a stone staircase leading down here.
You climb downwards.
The endoplasm quivers.
The iguana hisses angrily.
Found 9 gold pieces.
There is a stone staircase leading up here.
Okay, then.
You hit the endoplasm.
The endoplasm is almost dead.
The endoplasm closely misses you.
You thump the endoplasm!
You kill the endoplasm!
The bat hits you but does no damage.
The iguana hisses menacingly.
You closely miss the bat. The bat hits you but does no damage.
You hit the bat.
You kill the bat!
The iguana bites you but does no damage.
You hit the iguana but do no damage. The iguana bites you.
You hit the iguana.
The iguana is moderately wounded.
The iguana closely misses you. The iguana barely misses you.
You thump the iguana!
The iguana is severely wounded.
The iguana bites you!
You are too injured to fight recklessly!
You are too injured to fight recklessly!
You barely miss the iguana.
The iguana is severely wounded.
The iguana bites you!
* * * LOW HITPOINT WARNING * * *
You hit the iguana but do no damage.
The iguana is severely wounded.
The iguana closely misses you.
You hit the iguana but do no damage.
The iguana is severely wounded.
The iguana bites you!
You die...

....... .......
.....$.
.......######
........#...##
.............##
..............##
......l@<.......
................
.............##.
............##
.......#..###
........#..
##.####. ##. ..
. ..


You could see an iguana.

Vanquished Creatures
  3 ball pythons (D:1)
  2 endoplasms
  A giant cockroach (D:1)
  3 goblins (D:1)
  A hobgoblin (D:1)
  2 kobolds (D:1)
  A quokka (D:1)
  A bat (D:2)
  2 frilled lizards (D:1)
  A rat (D:1)
17 creatures vanquished.

Vanquished Creatures (others)
  A plant (D:1)
1 creature vanquished.

Grand Total: 18 creatures vanquished

Notes
Turn   | Place    | Note
-------+----------+-------------------------------------------
     0 | D:1      | NeededCrab the Gnoll Warper began the quest for the Orb.
     0 | D:1      | Reached XP level 1. HP: 20/20 MP: 6/6
   379 | D:1      | Reached XP level 2. HP: 26/26 MP: 7/7
   383 | D:1      | Learned a level 2 spell: Blink
   656 | D:1      | Found a faded altar of an unknown god.
   664 | D:1      | Got Plato's Compendium of Lightness
   975 | D:2      | Mangled by an iguana

Illustrated notes

Levels and vault maps discovered:
D:1:      dpeg_arrival_houses_and_road, layout_basic,
          shapermc_ecumenical_altar_rom_forum
D:2:      layout_rooms

Action                   || total
-------------------------++-------
Melee: Mace              ||    43
Armor: Leather armour    ||     6
Dodge: Dodged            ||    17

Table legend: (Time is in decaauts)
 A = Elapsed time spent in this place.
 B = Non-inter-level travel time spent in this place.
 C = Inter-level travel time spent in this place.
 D = Time resting spent in this place.
 E = Time spent auto-exploring this place.
 F = Levels seen in this place.
 G = Mean time per level.
                   A        B        C        D        E       F      G
               +--------+--------+--------+--------+--------+-----+--------+
         Total |    982 |    943 |     39 |     28 |    769 |   2 |  491.0 |
       Dungeon |    982 |    943 |     39 |     28 |    769 |   2 |  491.0 |
               +--------+--------+--------+--------+--------+-----+--------+

Top non-repeatable levels by time:
     D:1: 969 daAuts
     D:2: 12 daAuts
